 Dungeon Crawl Stone Soup version 0.28-a0-1565-g95a8017c83 (webtiles) character file.

Game seed: 16926591711671414407

228 sanka the Ruffian (level 6, -4/53 HPs)
             Began as a Gnoll Cinder Acolyte on Jan 19, 2022.
             Was a High Priest of Ignis.
             Slain by an ogre (21 damage)
             ... on level 4 of the Dungeon.
             The game lasted 00:05:20 (3397 turns).

sanka the Ruffian (Gnoll Cinder Acolyte)            Turns: 3397, Time: 00:05:21

Health: -4/53      AC:  2    Str: 13    XL:     6   Next: 2%
Magic:  0/10       EV: 11    Int: 15    God:    Ignis [*****.]
Gold:   104        SH:  0    Dex:  8    Spells: 9/11 levels left

rFire   + . .      SeeInvis .     - Unarmed
rCold   . . .      Faith    .   (no shield)
rNeg    . . .      Spirit   .   a - +0 robe
rPois   .          Reflect  .   (no helmet)
rElec   .          Harm     .   (no cloak)
rCorr   .          Rampage  .   (no gloves)
Will    .....                   (no boots)
Stlth   +.........              (no amulet)
HPRegen 0.17/turn               (no ring)
MPRegen 0.12/turn               (no ring)

@: very slightly contaminated
A: fangs 1, strong nose, distributed training
a: Renounce Religion, Fiery Armour, Foxfire Swarm, Rising Flame


You were on level 4 of the Dungeon.
You worshipped Ignis.
Ignis was extremely pleased with you.
You visited 1 branch of the dungeon, and saw 4 of its levels.
You also visited: Sewer.

You collected 104 gold pieces.


Innate Abilities, Weirdness & Mutations

You have very sharp teeth.
Your uncanny sense of smell can sniff out nearby items.
Your experience applies equally to all skills.


   Skills:
 + Level 6.7 Fighting
 + Level 1.7 Short Blades
 + Level 1.7 Long Blades
 + Level 1.7 Axes
 + Level 1.7 Maces & Flails
 + Level 1.7 Polearms
 + Level 1.7 Staves
 + Level 1.7 Slings
 + Level 1.7 Bows
 + Level 1.7 Crossbows
 + Level 1.7 Throwing
 + Level 1.7 Armour
 + Level 1.7 Dodging
 + Level 1.7 Stealth
 + Level 1.7 Shields
 + Level 6.7 Unarmed Combat
 + Level 3.3 Spellcasting
 + Level 1.3 Conjurations
 + Level 1.3 Hexes
 + Level 1.3 Summonings
 + Level 1.3 Necromancy
 + Level 1.3 Translocations
 + Level 1.3 Transmutations
 + Level 5.6 Fire Magic
 + Level 1.3 Ice Magic
 + Level 1.3 Air Magic
 + Level 1.3 Earth Magic
 + Level 1.3 Poison Magic
 + Level 2.0 Invocations
 + Level 1.7 Evocations


You had 9 spell levels left.
You knew the following spells:

 Your Spells              Type           Power      Damage    Failure   Level
y - Scorch                Fire           38%        2d7       3%          2

Your spell library contained the following spells:

 Spells                   Type           Power      Damage    Failure   Level


Inventory:

Hand Weapons
 c - a +2 short sword of venom
Armour
 a - a +0 robe (worn)
Wands
 i - a wand of mindburst (14)
Scrolls
 b - 7 scrolls of identify {unknown}
 d - 2 scrolls of fear {unknown}
 e - 2 scrolls of teleportation {unknown}
 k - a scroll of vulnerability {unknown}
 l - 2 scrolls of noise {unknown}
Potions
 f - a potion of heal wounds {unknown}
 g - 3 potions of lignification {unknown}
 h - 3 potions of brilliance {unknown}
 j - a potion of flight {unknown}
 m - a potion of attraction {unknown}
 o - a potion of cancellation
Miscellaneous
 n - a tin of tremorstones (2/2)

Dungeon Overview and Level Annotations

Branches:
Dungeon (4/15)              Sewer (visited)
 Temple: D:4-7

Altars:

Shops:
D:2 ?

Annotations:
D:2 1 runed translucent door, Crazy Yiuf, Grinder
D:4 Blork the orc

▒▒▒▒▒▒▒▒▒▒▒▒
▒▒▒▒▒▒▒▒▒▒..........▒
................▒ ▒.▒
.......▒▒..▒▒▒.▒▒▒.▒
▒.▒...............▒
▒.o..g.....▒▒.▒▒▒.▒
▒....O▒▒.▒.▒▒.▒...▒▒
▒▒...▒▒▒.▒.▒▒..▒▒▒.▒
.....S ▒.▒>▒...▒ ▒.▒
▒▒▒...▒▒▒.......▒▒▒.▒▒▒
▒.?..................
▒..........<..▒.▒▒▒▒▒
▒..▒▒▒▒▒▒.▒.▒.▒...... ▒
▒.▒.▒.▒▒▒▒▒


You could see Blork the orc, an ogre (combustible) and a ball python.


Message History

The ogre shouts!
Unknown command.
You can't see any susceptible monsters within range! (Use Z to cast anyway.)
A giant cockroach comes into view.
Flames lash the ogre.
The ogre is moderately wounded.
The ogre's fire resistance burns away.
An adder comes into view.
Flames lash the ogre.
The ogre is burned terribly!
The ogre is severely wounded.
You hear a shout!
A ball python comes into view.
Blork the orc comes into view.
He is wielding a +0 dire flail.
You miscast Scorch.
You are very lightly contaminated with residual magic.
Nothing appears to happen.
The ball python hisses angrily.
The ogre hits you with a +0 giant spiked club!!
Flames lash the giant cockroach.
You kill the giant cockroach!
The ogre hits you with a +0 giant spiked club.
Blork the orc gestures at you while chanting.
The puff of frost hits you!
* * * LOW HITPOINT WARNING * * *
Unknown command.
Flames lash the adder.
You kill the adder!
The ogre hits you with a +0 giant spiked club!!
You die...

Action                   |  1- 3 |  4- 6 || total
-------------------------+-------+-------++-------
Melee: Unarmed           |    61 |    51 ||   112
       Bite              |     7 |     4 ||    11
       Punch             |       |     3 ||     3
 Cast: Scorch            |    14 |    21 ||    35
  Use: Potion            |       |     3 ||     3
 Stab: Sleeping          |       |     1 ||     1
Armor: Robe              |     8 |     6 ||    14
Dodge: Dodged            |    29 |    46 ||    75

Levels and vault maps discovered:
D:1:      heliophobic_arrival_ceremonial_halls, layout_rooms,
          ebering_ecumenical_altar_webs
D:2:      layout_basic, serial_shops, shop, serial_bayou_lake_a, uniq_natasha,
          uniq_crazy_yiuf_cottage
D:3:      layout_loops_ring, portal_sewer_entry_c, minmay_between, uniq_grinder,
          uniq_terence, uniq_ijyb
D:4:      layout_loops_ring, serial_glass, glass_columns_a, glass_columns_a,
          uniq_blork_the_orc

Notes
Turn   | Place    | Note
-------+----------+-------------------------------------------
     0 | D:1      | sanka the Gnoll Cinder Acolyte began the quest for the Orb.
     0 | D:1      | Reached XP level 1. HP: 23/23 MP: 4/4
   259 | D:1      | Reached XP level 2. HP: 29/29 MP: 5/5
   262 | D:1      | Learned a level 2 spell: Scorch
   463 | D:1      | Found a faded altar of an unknown god.
   616 | D:2      | Found Juckasill's Magic Scroll Emporium.
   846 | D:2      | Reached XP level 3. HP: 35/35 MP: 4/7
  1090 | D:2      | Reached skill level 1 in Invocations
  1410 | D:2      | Noticed Natasha
  1415 | D:2      | Killed Natasha
  1416 | D:2      | Reached skill level 1 in Short Blades
  1416 | D:2      | Reached skill level 1 in Long Blades
  1416 | D:2      | Reached skill level 1 in Axes
  1416 | D:2      | Reached skill level 1 in Maces & Flails
  1416 | D:2      | Reached skill level 1 in Polearms
  1416 | D:2      | Reached skill level 1 in Staves
  1416 | D:2      | Reached skill level 1 in Slings
  1416 | D:2      | Reached skill level 1 in Bows
  1416 | D:2      | Reached skill level 1 in Crossbows
  1416 | D:2      | Reached skill level 1 in Throwing
  1416 | D:2      | Reached skill level 1 in Armour
  1416 | D:2      | Reached skill level 1 in Dodging
  1416 | D:2      | Reached skill level 1 in Stealth
  1416 | D:2      | Reached skill level 1 in Shields
  1416 | D:2      | Reached skill level 1 in Evocations
  1416 | D:2      | Reached XP level 4. HP: 33/41 MP: 1/8
  1486 | D:2      | Reached skill level 3 in Spellcasting
  1747 | D:2      | Found a runed translucent door.
  1748 | D:2      | Noticed Crazy Yiuf
  1834 | D:2      | Noticed Natasha
  1842 | D:2      | Killed Natasha
  1843 | D:2      | Reached skill level 1 in Conjurations
  1843 | D:2      | Reached skill level 1 in Hexes
  1843 | D:2      | Reached skill level 1 in Summonings
  1843 | D:2      | Reached skill level 1 in Necromancy
  1843 | D:2      | Reached skill level 1 in Translocations
  1843 | D:2      | Reached skill level 1 in Transmutations
  1843 | D:2      | Reached skill level 1 in Ice Magic
  1843 | D:2      | Reached skill level 1 in Air Magic
  1843 | D:2      | Reached skill level 1 in Earth Magic
  1843 | D:2      | Reached skill level 1 in Poison Magic
  2050 | D:2      | Noticed Natasha
  2063 | D:1      | Killed Natasha
  2064 | D:1      | Reached XP level 5. HP: 22/47 MP: 4/9
  2244 | D:3      | Noticed Grinder
  2244 | D:3      | Noticed Terence
  2258 | D:3      | Killed Terence
  2566 | D:3      | Noticed Ijyb
  2571 | D:3      | Killed Ijyb
  2790 | D:3      | Found a glowing drain.
  2845 | Sewer    | Entered a sewer
  2949 | Sewer    | Reached XP level 6. HP: 53/53 MP: 5/10
  3240 | D:3      | Reached skill level 2 in Invocations
  3394 | D:4      | Noticed Blork the orc
  3397 | D:4      | Slain by an ogre

Vanquished Creatures
  Ijyb (D:3)
  Terence (D:3)
  A hell rat (Sewer)
  Natasha (thrice) (D:2 D:1)
  2 adders
  A river rat (Sewer)
  2 worms (D:2)
  A dart slug (D:2)
  An orc (D:3)
  3 bats
  6 endoplasms
  4 giant cockroaches
  3 goblins (D:2)
  6 hobgoblins
  2 quokkas
  3 ball pythons
  7 kobolds
  11 rats
58 creatures vanquished.

Vanquished Creatures (others)
  10 plants (D:2)
10 creatures vanquished.

Grand Total: 68 creatures vanquished
